 Dungeon Crawl Stone Soup version 0.23-a0-389-g4a5eb33 (webtiles) character file.

22 CrossKnight the Ducker (level 2, 0/22 HPs)
             Began as a Demonspawn Gladiator on Oct 29, 2018.
             Succumbed to an adder's poison
             ... on level 2 of the Dungeon.
             The game lasted 00:03:43 (533 turns).

CrossKnight the Ducker (Demonspawn Gladiator)        Turns: 533, Time: 00:03:43

Health: 0/22       AC:  7    Str: 14    XL:     2   Next: 68%
Magic:  2/2        EV: 10    Int:  9    God:
Gold:   52         SH:  0    Dex: 14    Spells: 1/1 levels left

rFire    . . .     SeeInvis +   a - +0 long sword
rCold    . . .     Gourm    .   (no shield)
rNeg     . . .     Faith    .   k - +0 scale mail
rPois    .         Spirit   .   c - +0 helmet
rElec    .         Reflect  .   (no cloak)
rCorr    .         Harm     .   (no gloves)
MR       .....                  (no boots)
Stlth    ..........             (no amulet)
HPRegen  0.07/turn              l - ring of see invisible
MPRegen  0.08/turn              (no ring)

@: lethally poisoned (0 -> -5)
A: demonic guardian 1
a: no special abilities


You were on level 2 of the Dungeon.
You were not hungry.

You visited 1 branch of the dungeon, and saw 2 of its levels.

You collected 52 gold pieces.

Inventory:

Hand Weapons
 a - a +0 long sword (weapon)
Missiles
 d - 3 throwing nets (quivered)
Armour
 b - a +0 leather armour
 c - a +0 helmet (worn)
 k - a +0 scale mail (worn)
Jewellery
 l - a ring of see invisible (left hand)
Scrolls
 h - a scroll of identify {unknown}
 j - a scroll of remove curse {unknown}
 m - a scroll of enchant weapon {unknown}
Potions
 e - a potion of haste {unknown}
 g - a potion of agility {unknown}
 i - a potion of curing {unknown}
Comestibles
 f - a ration


   Skills:
 + Level 2.1 Fighting
 + Level 2.9 Long Blades
 + Level 1.8 Throwing
 + Level 0.7 Armour
 + Level 3.1 Dodging


You had one spell level left.
You didn't know any spells.
Your spell library was empty.

Dungeon Overview and Level Annotations

Branches:
Dungeon (2/15)

Altars:
Qazlal


Innate Abilities, Weirdness & Mutations

A weak demonic guardian rushes to your aid.


Message History

You hit the adder.
The adder is lightly wounded.
The adder closely misses you.
You riposte.
You miss the adder.
The adder is lightly wounded.
The adder misses you.
You barely miss the adder.
The adder is lightly wounded.
The adder barely misses you. x2
You miss the adder.
The adder is lightly wounded.
The adder bites you.
* * * LOW HITPOINT WARNING * * *
You hit the adder but do no damage.
The adder is lightly wounded.
The adder bites you.
* * * LOW HITPOINT WARNING * * *
You are lethally poisoned!
The adder poisons you! The adder bites you.
* * * LOW HITPOINT WARNING * * *
You die...

#.# #.# ###############.#
#...)††..........
#####....###......#..
#........# #......#..
+........###.....†#..
#.S.@......+........#
............####......#.#
.........5..# #......#.#
............# #......#.#
.........#### ########..
#........# #.. #........#
######.. #.........
........ #.......


You could see an adder and a friendly iron imp.

Vanquished Creatures
  An ooze (D:2)
  A dart slug (D:1)
  A leopard gecko (D:2)
  3 hobgoblins (D:1)
  3 kobolds
  A quokka (D:2)
  3 bats (D:1)
  A frilled lizard (D:2)
  A rat (D:1)
15 creatures vanquished.

Notes
Turn   | Place    | Note
-------+----------+-------------------------------------------
     0 | D:1      | CrossKnight the Demonspawn Gladiator began the quest for
                  | the Orb.
     0 | D:1      | Reached XP level 1. HP: 16/16 MP: 1/1
     6 | D:1      | Found a stormy altar of Qazlal.
   267 | D:1      | Reached skill level 3 in Dodging
   267 | D:1      | Gained mutation: A weak demonic guardian rushes to your
                  | aid. [demonic ancestry]
   267 | D:1      | Reached XP level 2. HP: 22/22 MP: 2/2
   532 | D:2      | HP: 1/22 [adder (2)]
   533 | D:2      | Succumbed to an adder's poison

Vault maps used:
D:1:      sevenhm_arrival_forest_fort_small_6, minmay_statues_item
D:2:      first_ration, chequers_ecumenical_altar_grove

Skill      XL: |  1 |
---------------+----+-----
Dodging        | 3 |  3.1
Fighting       | |  2.1
Long Blades    | |  2.9
Throwing       | |  1.8
Armour         | |  0.7

Action                   || total
-------------------------++-------
Melee: Long sword        ||    44
 Stab: Sleeping          ||     1
Armor: Leather armour    ||    13
       Scale mail        ||    16
Dodge: Dodged            ||    30
       Rpst.: Long sword ||     9

Table legend:
 A = Non-vault XP
 B = Vault XP
 C = Vault XP percentage of total XP
 D = Non-vault monster count
 E = Vault monster count
 F = Vault count percentage of total count
                 A         B        C        D         E       F
            +---------+---------+-------+---------+---------+-------
      Total |      32 |       0 |   0.0 |      15 |       0 |   0.0
            +---------+---------+-------+---------+---------+-------
        D:1 |      17 |       0 |   0.0 |      10 |       0 |   0.0
        D:2 |      15 |       0 |   0.0 |       5 |       0 |   0.0
            +---------+---------+-------+---------+---------+-------
